 Dungeon Crawl Stone Soup version 0.17-a0-1914-gde4187c (webtiles) character file.

58 wvc the Ducker (level 3, 0/18 HPs)
             Began as a Spriggan Gladiator on Sept 26, 2015.
             Slain by a bat (1 damage)
             ... on level 2 of the Dungeon.
             The game lasted 00:02:54 (2521 turns).

wvc the Ducker (Spriggan Gladiator)                 Turns: 2521, Time: 00:02:54

Health: 0/18       AC:  2    Str: 11    XL:     3   Next: 75%
Magic:  4/4        EV: 20    Int:  9    God:
Gold:   112        SH:  0    Dex: 17    Spells: 0 memorised, 2 levels left

rFire  . . .     SeeInvis +     a - +0 quarterstaff
rCold  . . .     Clarity  .     b - +0 robe
rNeg   . . .     SustAt   .     (shield restricted)
rPois  .         Gourm    .     c - +0 hat
rElec  .         Spirit   .     (no cloak)
rCorr  +         Warding  .     (gloves unavailable)
rMut   .         Stasis   .     (boots unavailable)
MR     .....                    m - amulet of resist corrosion
Stlth  ++........               (no ring)
                                (no ring)

@: very quick, not resistant to hostile enchantments, unstealthy
A: unfitting armour, see invisible, herbivore 3, speed 3, slow metabolism 2
a: no special abilities


You were on level 2 of the Dungeon.
You were not hungry.

You visited 1 branch of the dungeon, and saw 2 of its levels.

You collected 112 gold pieces.

Inventory:

Hand weapons
 a - a +0 quarterstaff (weapon)
Missiles
 d - 3 throwing nets (quivered)
 h - 10 poisoned needles
Armour
 b - a +0 robe (worn)
 c - a +0 hat (worn)
Jewellery
 m - an amulet of resist corrosion (around neck)
Scrolls
 g - 2 scrolls of teleportation {unknown}
 k - a scroll of enchant weapon {unknown}
 l - a scroll of remove curse {unknown}
Potions
 f - 3 potions of curing {unknown}
 j - a potion of might {unknown}
 n - a potion of flight {unknown}
Comestibles
 e - 2 bread rations
 i - a slice of pizza


   Skills:
 + Level 2.0 Fighting
 * Level 3.3 Staves
 - Level 2.1 Throwing
 - Level 4.4 Dodging


You had 2 spell levels left.
You didn't know any spells.

Dungeon Overview and Level Annotations

Branches:
Dungeon (2/15)

Altars:
Vehumet

Annotations:
D:2 Natasha, Sigmund


Innate Abilities, Weirdness & Mutations

You are tiny and cannot use many weapons and most armour.
You have supernaturally acute eyesight.
You are a herbivore.
You cover ground extremely quickly.
You need consume almost no food.


Message History

Natasha, Servant of Life and Death comes into view.
The bat misses you.
A gnoll and a kobold come into view.
Natasha hisses angrily.
The gnoll shouts!
The kobold shouts!
The bat completely misses you.
The gnoll moves out of view.
The bat closely misses you.
You see here a helmet.
The bat completely misses you. The bat closely misses you.
The bat completely misses you. The bat barely misses you.
The gnoll barely misses you. The bat closely misses you.
The bat closely misses you. The bat closely misses you.
The bat barely misses you. The bat hits you.
* * * LOW HITPOINT WARNING * * *
The bat misses you. The bat hits you.
You die...

....#####.#......... ... .@...(
..........').......% ......
#########.#.....##.# ###.##
#.#........# # #....<.....#
##########.........#
........##.........# # ##
........##.........# #.##
........##......@b.###########.##
........##...........gg......g...
........###.............g........
........# #.................#####
........# #...............#[...g.
....##### #..#####.###'######.###
....# ##. #.#...# #.# # ....# #
#.#.#.. #.### ....#######
#....... #....


You could see 2 gnolls and a bat.

Vanquished Creatures
  Robin (D:2)
  An adder (D:2)
  2 ball pythons (D:1)
  3 bats
  4 giant cockroaches (D:1)
  11 goblins
  6 hobgoblins
  A kobold (D:1)
  2 quokkas (D:2)
  A giant newt (D:1)
  5 rats
37 creatures vanquished.

Notes
Turn   | Place    | Note
--------------------------------------------------------------
     0 | D:1      | wvc the Spriggan Gladiator began the quest for the Orb.
     0 | D:1      | Reached XP level 1. HP: 10/10 MP: 2/2
   258 | D:1      | Reached XP level 2. HP: 12/15 MP: 3/3
  1213 | D:2      | Noticed Robin
  1606 | D:2      | Reached XP level 3. HP: 15/18 MP: 4/4
  2442 | D:2      | Killed Robin
  2478 | D:2      | Noticed Sigmund
  2489 | D:2      | Found a radiant altar of Vehumet.
  2506 | D:2      | Noticed Natasha
  2521 | D:2      | Slain by a bat

Vault maps used:
D:1:      elethiomel_arrival_infinity_welcomes_careful_drivers
D:2:      vehumet_crystals, st_stairs_3, minmay_misc_feat_encased, uniq_sigmund,
          uniq_robin, uniq_natasha

Action                   || total
-------------------------++-------
Melee: Quarterstaff      ||    94
Throw: Throwing net      ||     2
